[Event "Gibraltar ChallWk2 13th"]
[Site "Gibraltar"]
[Date "2015.02.03"]
[Round "4.16"]
[White "Berrocal Ruiz, Valentin"]
[Black "Gomez Calle, Jose Antonio"]
[Result "1-0"]
[ECO "A70"]
[WhiteElo "1986"]
[BlackElo "2150"]
[PlyCount "57"]
[EventDate "2015.01.31"]
[EventType "swiss"]
[EventRounds "5"]
[EventCountry "GGB"]
[SourceTitle "BritBase"]
[Source "www.saund.co.uk"]
[SourceDate "2018.02.10"]
[SourceVersion "1"]
[SourceVersionDate "2018.02.10"]
[SourceQuality "1"]
[TimeControl "7200+1600"]
[WhiteClock "0:18:31"]
[BlackClock "0:01:11"]

1. d4 Nf6 2. c4 e6 3. Nc3 c5 4. d5 exd5 5. cxd5 d6 6. e4 g6 7. h3 Bg7 8. Nf3
O-O 9. Bd3 a6 10. a4 Re8 11. O-O Qc7 12. Nd2 Nbd7 13. f4 Rb8 14. Nc4 Nb6 15. e5
Nfxd5 16. Nxd5 Nxd5 17. Nxd6 Rf8 18. Bxg6 hxg6 19. Qxd5 Be6 20. Qe4 b5 21. axb5
axb5 22. Be3 f5 23. Qf3 g5 24. Rfc1 c4 25. Ra7 Qd8 26. Rd1 gxf4 27. Qxf4 Ra8
28. Rxg7+ Kxg7 29. Qh6+ 1-0

[Event "Gibraltar ChallWk2 13th"]
[Site "Gibraltar"]
[Date "2015.02.03"]
[Round "4.17"]
[White "Algars, Olle"]
[Black "Dougherty, Michael"]
[Result "1-0"]
[ECO "A41"]
[WhiteElo "1960"]
[BlackElo "2138"]
[PlyCount "67"]
[EventDate "2015.01.31"]
[EventType "swiss"]
[EventRounds "5"]
[EventCountry "GGB"]
[SourceTitle "BritBase"]
[Source "www.saund.co.uk"]
[SourceDate "2018.02.10"]
[SourceVersion "1"]
[SourceVersionDate "2018.02.10"]
[SourceQuality "1"]
[TimeControl "7200+1360"]
[WhiteClock "0:32:04"]
[BlackClock "0:08:41"]

1. Nf3 g6 2. g3 Bg7 3. Bg2 d6 4. d4 Nc6 5. c4 Bg4 6. e3 e5 7. Qa4 Qd7 8. d5 Nb8
9. Qb3 Qc8 10. Nc3 Na6 11. Qc2 Nc5 12. O-O a5 13. Rb1 Nf6 14. Nd2 O-O 15. b3
Bh3 16. Nb5 Bxg2 17. Kxg2 e4 18. Bb2 Re8 19. a3 Ng4 20. Bxg7 Qf5 21. h3 Qxf2+
22. Rxf2 Nxe3+ 23. Kg1 Nxc2 24. Nxc7 Kxg7 25. Nxe8+ Rxe8 26. Nxe4 Rxe4 27. Rxc2
Re3 28. b4 Ne4 29. c5 axb4 30. axb4 Rxg3+ 31. Kh2 Rc3 32. Rxc3 Nxc3 33. cxd6
Kf8 34. Re1 1-0

[Event "Gibraltar ChallWk2 13th"]
[Site "Gibraltar"]
[Date "2015.02.04"]
[Round "5.1"]
[White "Verneuil, Pascal"]
[Black "Galmandakh, Badrakh"]
[Result "0-1"]
[ECO "C41"]
[WhiteElo "2093"]
[BlackElo "2240"]
[PlyCount "112"]
[EventDate "2015.01.31"]
[EventType "swiss"]
[EventRounds "5"]
[EventCountry "GGB"]
[SourceTitle "BritBase"]
[Source "www.saund.co.uk"]
[SourceDate "2018.02.10"]
[SourceVersion "1"]
[SourceVersionDate "2018.02.10"]
[SourceQuality "1"]
[TimeControl "7200+865"]
[WhiteClock "0:04:42"]
[BlackClock "0:01:18"]

1. e4 d6 2. d4 Nf6 3. Nc3 e5 4. Nf3 Nbd7 5. Bc4 Be7 6. O-O O-O 7. a4 a5 8. h3
c6 9. Re1 Qc7 10. b3 h6 11. Ba3 Re8 12. Re3 Nf8 13. d5 Ng6 14. Ne2 cxd5 15.
exd5 Nh5 16. Bb5 Rf8 17. Rc3 Qd8 18. Qd3 Nhf4 19. Nxf4 Nxf4 20. Qd1 e4 21. Nd4
Nxd5 22. Rg3 Bh4 23. Nf5 Bxg3 24. Qxd5 Be5 25. Nd4 Qg5 26. Qxe4 Bf5 27. Nxf5
Bxa1 28. Bxd6 g6 29. Ne3 Rfd8 30. Bf4 Qf6 31. Bxh6 g5 32. Ng4 Rd1+ 33. Kh2 Qf4+
34. Qxf4 gxf4 35. Bxf4 Rc8 36. Ne3 Rd2 37. Kg3 Bd4 38. Nf5 Bxf2+ 39. Kf3 Rc3+
40. Bd3 Rdxc2 41. Ke4 Ra2 42. Bc4 Rxa4 43. Nd6 b5 44. bxa4 bxc4 45. Be5 Re3+
46. Kd4 Rxe5+ 47. Kxc4 Rc5+ 48. Kb3 Be1 49. Ne4 Re5 50. Nf6+ Kg7 51. Ng4 Rc5
52. Nh2 Rc3+ 53. Kb2 Rg3 54. Nf3 Rxg2+ 55. Kc1 Bb4 56. Nh4 Rf2 0-1

[Event "Gibraltar ChallWk2 13th"]
[Site "Gibraltar"]
[Date "2015.02.04"]
[Round "5.2"]
[White "Ibarra Jerez, Juan Miguel"]
[Black "Agrest, Inna"]
[Result "0-1"]
[ECO "D02"]
[WhiteElo "2238"]
[BlackElo "2179"]
[PlyCount "122"]
[EventDate "2015.01.31"]
[EventType "swiss"]
[EventRounds "5"]
[EventCountry "GGB"]
[SourceTitle "BritBase"]
[Source "www.saund.co.uk"]
[SourceDate "2018.02.10"]
[SourceVersion "1"]
[SourceVersionDate "2018.02.10"]
[SourceQuality "1"]
[TimeControl "7200+760"]
[WhiteClock "0:12:14"]
[BlackClock "0:00:25"]

1. d4 Nf6 2. Nc3 d5 3. Bf4 e6 4. e3 Be7 5. Nf3 O-O 6. Bd3 c5 7. O-O Nc6 8. Qd2
Nh5 9. Be5 f6 10. Bg3 Nxg3 11. hxg3 a6 12. dxc5 Bxc5 13. e4 d4 14. Ne2 Qe7 15.
Bc4 Rd8 16. a3 Kh8 17. Nf4 b5 18. Bb3 Ra7 19. Qe2 e5 20. Nd5 Qe8 21. Ne1 Qg6
22. Nd3 Bd6 23. Nb6 Bb7 24. a4 Na5 25. Bd5 b4 26. b3 Bxd5 27. Nxd5 Nc6 28. g4
a5 29. g3 Re8 30. Nb6 Nd8 31. f3 Rc7 32. Nc4 Nb7 33. Kg2 h6 34. Nb6 Rc6 35. Nd5
Rec8 36. Rac1 Bf8 37. Nb2 Qf7 38. Nc4 Rxc4 39. bxc4 Nd6 40. f4 Nxc4 41. g5 exf4
42. gxf6 gxf6 43. Rxf4 Bg7 44. Qf2 Rc6 45. Qxd4 f5 46. Qf2 Qe6 47. Rxf5 Qxe4+
48. Kh2 Ne5 49. Rxe5 Qxe5 50. Nf4 Qe4 51. Qd2 Bd4 52. Kh3 Qf5+ 53. Kh2 Qe4 54.
Kh3 Rc3 55. Kg4 Qf3+ 56. Kf5 Rc5+ 57. Ke6 Qc6+ 58. Kf7 Qf6+ 59. Ke8 Rc8+ 60.
Kd7 Rd8+ 61. Kc7 Qb6# 0-1

[Event "Gibraltar ChallWk2 13th"]
[Site "Gibraltar"]
[Date "2015.02.04"]
[Round "5.3"]
[White "Scharrer, Patrick"]
[Black "Janev, Pavel"]
[Result "0-1"]
[ECO "B31"]
[WhiteElo "2231"]
[BlackElo "2196"]
[PlyCount "120"]
[EventDate "2015.01.31"]
[EventType "swiss"]
[EventRounds "5"]
[EventCountry "GGB"]
[SourceTitle "BritBase"]
[Source "www.saund.co.uk"]
[SourceDate "2018.02.10"]
[SourceVersion "1"]
[SourceVersionDate "2018.02.10"]
[SourceQuality "1"]
[TimeControl "6600+1530"]
[WhiteClock "0:00:15"]
[BlackClock "0:01:14"]

1. e4 c5 2. Nf3 Nc6 3. Bb5 g6 4. O-O Bg7 5. c3 Nf6 6. Re1 O-O 7. e5 Nd5 8. d4
cxd4 9. cxd4 d6 10. Nc3 Nxc3 11. bxc3 a6 12. Bxc6 bxc6 13. Qa4 c5 14. dxc5 dxc5
15. Be3 Bb7 16. Bxc5 Bxf3 17. gxf3 Qc8 18. Bxe7 Re8 19. Bf6 Qxc3 20. Qf4 Bxf6
21. Qxf6 Re6 22. Qf4 Rae8 23. Qe3 Qxe5 24. Qxe5 Rxe5 25. Rxe5 Rxe5 26. Rc1 Ra5
27. Rc2 Ra3 28. Kg2 a5 29. Kg3 Kg7 30. Kg2 Kf6 31. Kg3 Ke5 32. Rc7 Ke6 33. Rc2
Kd6 34. h3 a4 35. Kf4 h6 36. h4 Kd5 37. Kg3 Kd4 38. Rc7 Rxa2 39. Rxf7 Ra1 40.
Kg2 Kc3 41. Rc7+ Kb3 42. Rb7+ Ka2 43. Rb6 Rb1 44. Rxg6 Rb4 45. Rxh6 Kb3 46. Re6
a3 47. h5 a2 48. Re1 Ka3 49. Ra1 Rb1 50. Rxa2+ Kxa2 51. Kg3 Kb3 52. Kf4 Kc4 53.
Kf5 Kd5 54. f4 Rh1 55. Kg6 Ke6 56. f5+ Ke7 57. f4 Rg1+ 58. Kh7 Kf7 59. f6 Rg8
60. h6 Rg6 0-1

[Event "Gibraltar ChallWk2 13th"]
[Site "Gibraltar"]
[Date "2015.02.04"]
[Round "5.4"]
[White "Fiori, Hector"]
[Black "Sanchez Botella, Luis Javier"]
[Result "1-0"]
[ECO "C01"]
[WhiteElo "2066"]
[BlackElo "2246"]
[PlyCount "97"]
[EventDate "2015.01.31"]
[EventType "swiss"]
[EventRounds "5"]
[EventCountry "GGB"]
[SourceTitle "BritBase"]
[Source "www.saund.co.uk"]
[SourceDate "2018.02.10"]
[SourceVersion "1"]
[SourceVersionDate "2018.02.10"]
[SourceQuality "1"]
[TimeControl "7200+1215"]
[WhiteClock "0:02:00"]
[BlackClock "0:00:32"]

1. e4 e6 2. d4 d5 3. exd5 exd5 4. c4 Nf6 5. Nc3 c6 6. Bd3 dxc4 7. Bxc4 Be7 8.
Nf3 O-O 9. h3 Bf5 10. Ne5 Nbd7 11. O-O Nb6 12. Bb3 h6 13. Qf3 Bh7 14. Bxh6 gxh6
15. Qg3+ Kh8 16. Nxf7+ Rxf7 17. Bxf7 Qf8 18. Bb3 Bd6 19. Qh4 Nbd5 20. Nxd5 Nxd5
21. Bxd5 cxd5 22. Rfe1 Be4 23. Rac1 Kh7 24. Rxe4 dxe4 25. Qxe4+ Kh8 26. Qxb7 a5
27. b3 Rd8 28. Qe4 Re8 29. Qg4 Qf4 30. Qxf4 Bxf4 31. Rd1 Kg8 32. g3 Bd6 33. Kf1
Kf7 34. f4 Rg8 35. Kf2 Ra8 36. Kf3 h5 37. g4 hxg4+ 38. hxg4 a4 39. g5 axb3 40.
axb3 Ke6 41. Ke4 Rf8 42. f5+ Kd7 43. f6 Ke6 44. d5+ Kf7 45. Kf5 Rg8 46. Rh1 Bb4
47. Rh7+ Kf8 48. Rb7 Bd6 49. g6 1-0

[Event "Gibraltar ChallWk2 13th"]
[Site "Gibraltar"]
[Date "2015.02.04"]
[Round "5.5"]
[White "Menna Barreto, Felipe Kubiaki"]
[Black "Maloberti, David"]
[Result "1-0"]
[ECO "E61"]
[WhiteElo "2247"]
[BlackElo "2108"]
[PlyCount "37"]
[EventDate "2015.01.31"]
[EventType "swiss"]
[EventRounds "5"]
[EventCountry "GGB"]
[SourceTitle "BritBase"]
[Source "www.saund.co.uk"]
[SourceDate "2018.02.10"]
[SourceVersion "1"]
[SourceVersionDate "2018.02.10"]
[SourceQuality "1"]
[TimeControl "7200+1615"]
[WhiteClock "1:00:57"]
[BlackClock "0:36:49"]

1. d4 Nf6 2. Nf3 g6 3. c4 Bg7 4. Nc3 d6 5. Bg5 h6 6. Bxf6 Bxf6 7. Qd2 e5 8.
dxe5 dxe5 9. Qe3 c6 10. Rd1 Qa5 11. g3 Bg7 12. h4 Be6 13. Bh3 Bxh3 14. Rxh3 Nd7
15. h5 O-O-O 16. hxg6 fxg6 17. Kf1 g5 18. Rh1 Qc5 19. Rxd7 1-0

[Event "Gibraltar ChallWk2 13th"]
[Site "Gibraltar"]
[Date "2015.02.04"]
[Round "5.6"]
[White "Dolzhikova, Olga"]
[Black "Kandic, Milan"]
[Result "1-0"]
[ECO "C41"]
[WhiteElo "2194"]
[BlackElo "2101"]
[PlyCount "135"]
[EventDate "2015.01.31"]
[EventType "swiss"]
[EventRounds "5"]
[EventCountry "GGB"]
[SourceTitle "BritBase"]
[Source "www.saund.co.uk"]
[SourceDate "2018.02.10"]
[SourceVersion "1"]
[SourceVersionDate "2018.02.10"]
[SourceQuality "1"]
[TimeControl "7200+16740"]
[WhiteClock "0:00:40"]
[BlackClock "0:00:28"]

1. e4 d6 2. d4 Nf6 3. Nc3 e5 4. Nf3 Nbd7 5. g4 Nxg4 6. Rg1 Ngf6 7. Be3 g6 8.
Qd2 exd4 9. Nxd4 Nc5 10. f3 Ne6 11. Nde2 a6 12. O-O-O b5 13. Ng3 Bb7 14. Be2 h5
15. h4 Be7 16. f4 Ng4 17. Bxg4 hxg4 18. f5 Nf8 19. Bg5 Nh7 20. Bxe7 Qxe7 21.
Nd5 Bxd5 22. exd5 O-O-O 23. Rde1 Qxh4 24. Qa5 Kb7 25. a4 Qg5+ 26. Kb1 gxf5 27.
axb5 Ra8 28. Qc3 axb5 29. Qc6+ Kb8 30. Qxb5+ Kc8 31. Re8+ Rxe8 32. Qxe8+ Kb7
33. Qc6+ Kb8 34. Re1 Nf6 35. Rh1 Qg8 36. Qb5+ Ka7 37. Rd1 Qe8 38. Qb4 Rb8 39.
Qd4+ Rb6 40. Qxf6 Qe5 41. Qxe5 dxe5 42. Nxf5 Rf6 43. Rf1 Kb6 44. c4 Kc5 45. b3
e4 46. Kc2 Kb4 47. Kd2 Rg6 48. Nd4 g3 49. Ke3 Rg4 50. Rb1 g2 51. Rg1 f5 52.
Nxf5 Kxb3 53. c5 Kc4 54. d6 cxd6 55. cxd6 Kc5 56. d7 Rg8 57. Ng7 Kc6 58. Ne8
Rg3+ 59. Kf4 Rd3 60. Nf6 Kc7 61. Kxe4 Rd2 62. Kf3 Rd3+ 63. Kxg2 Kd8 64. Rc1
Rd2+ 65. Kf3 Rd3+ 66. Ke4 Rd2 67. Rc8+ Ke7 68. Re8+ 1-0

[Event "Gibraltar ChallWk2 13th"]
[Site "Gibraltar"]
[Date "2015.02.04"]
[Round "5.7"]
[White "Pena Riasco, Alexander"]
[Black "Berrocal Ruiz, Valentin"]
[Result "0-1"]
[ECO "C11"]
[WhiteElo "2181"]
[BlackElo "1986"]
[PlyCount "36"]
[EventDate "2015.01.31"]
[EventType "swiss"]
[EventRounds "5"]
[EventCountry "GGB"]
[SourceTitle "BritBase"]
[Source "www.saund.co.uk"]
[SourceDate "2018.02.10"]
[SourceVersion "1"]
[SourceVersionDate "2018.02.10"]
[SourceQuality "1"]
[TimeControl "7200+620"]
[WhiteClock "1:32:39"]
[BlackClock "0:58:08"]

1. e4 e6 2. d4 d5 3. Nc3 Nf6 4. e5 Nfd7 5. Qg4 c5 6. dxc5 Nxe5 7. Qg3 Ng6 8.
Nf3 Bxc5 9. Bf4 Nxf4 10. Qxf4 Bd7 11. O-O-O O-O 12. Bd3 Qf6 13. Qg3 h6 14. h4
Nc6 15. Qc7 Rfd8 16. Qxb7 Rab8 17. Qc7 Rxb2 18. Kd2 Bb4 0-1

[Event "Gibraltar ChallWk2 13th"]
[Site "Gibraltar"]
[Date "2015.02.04"]
[Round "5.8"]
[White "Bryn, Askild"]
[Black "Wiedersich, Jens"]
[Result "1-0"]
[ECO "B43"]
[WhiteElo "2074"]
[BlackElo "2125"]
[PlyCount "85"]
[EventDate "2015.01.31"]
[EventType "swiss"]
[EventRounds "5"]
[EventCountry "GGB"]
[SourceTitle "BritBase"]
[Source "www.saund.co.uk"]
[SourceDate "2018.02.10"]
[SourceVersion "1"]
[SourceVersionDate "2018.02.10"]
[SourceQuality "1"]
[TimeControl "7200+835"]
[WhiteClock "0:04:32"]
[BlackClock "0:22:38"]

1. e4 c5 2. Nf3 e6 3. Nc3 a6 4. d4 cxd4 5. Nxd4 Qc7 6. Bd3 Bb4 7. O-O Ne7 8.
Qh5 Ng6 9. Be3 Nc6 10. Nxc6 dxc6 11. f4 Bd7 12. e5 O-O-O 13. Ne4 Be7 14. b4 f6
15. exf6 gxf6 16. Qe2 e5 17. Qf2 Rdg8 18. f5 Nf4 19. Bxf4 exf4 20. Qxf4 Qxf4
21. Rxf4 Rg7 22. a3 Kc7 23. Re1 b6 24. g3 Ra8 25. Bc4 a5 26. c3 Ra7 27. Be6 Be8
28. Kf2 axb4 29. axb4 Ra3 30. Rh4 h5 31. Re3 c5 32. bxc5 bxc5 33. Bd5 Kd8 34.
c4 Ra2+ 35. Re2 Ra3 36. Rb2 Kc8 37. Rb6 Ra2+ 38. Ke3 Ra3+ 39. Kd2 Ra2+ 40. Kc3
Bd8 41. Nd6+ Kd7 42. Be6+ Ke7 43. Rb7+ 1-0

[Event "Gibraltar ChallWk2 13th"]
[Site "Gibraltar"]
[Date "2015.02.04"]
[Round "5.9"]
[White "Guerra Rivera, Salvador"]
[Black "Rodriguez Alvarez, Vidal"]
[Result "0-1"]
[ECO "B47"]
[WhiteElo "1983"]
[BlackElo "2122"]
[PlyCount "116"]
[EventDate "2015.01.31"]
[EventType "swiss"]
[EventRounds "5"]
[EventCountry "GGB"]
[SourceTitle "BritBase"]
[Source "www.saund.co.uk"]
[SourceDate "2018.02.10"]
[SourceVersion "1"]
[SourceVersionDate "2018.02.10"]
[SourceQuality "1"]
[TimeControl "7200+1595"]
[WhiteClock "0:26:52"]
[BlackClock "0:05:00"]

1. e4 c5 2. Nf3 Nc6 3. d4 cxd4 4. Nxd4 e6 5. Nc3 Qc7 6. g3 a6 7. Bg2 Nf6 8. O-O
h5 9. Re1 Nxd4 10. Qxd4 Bc5 11. Bf4 d6 12. Qd2 Ng4 13. Re2 Qd7 14. h3 e5 15.
hxg4 exf4 16. Qxf4 Qxg4 17. Qxg4 Bxg4 18. Rd2 O-O-O 19. Nd5 h4 20. b4 Ba7 21.
gxh4 Rxh4 22. a4 Bh3 23. Bxh3+ Rxh3 24. Kg2 Rdh8 25. Rg1 g6 26. Nf4 Rh2+ 27.
Kf3 R8h4 28. Nd5 Kd7 29. Rg3 Rh1 30. Ne3 Bxe3 31. fxe3 Ke6 32. a5 R4h2 33. Rgg2
Rf1+ 34. Kg3 Rxg2+ 35. Kxg2 Rc1 36. Kf3 f6 37. Rg2 g5 38. Rd2 Rf1+ 39. Ke2 Rh1
40. Kd3 g4 41. Kd4 f5 42. exf5+ Kxf5 43. Kd5 g3 44. Kxd6 Rh2 45. Rd1 Rxc2 46.
Kd5 g2 47. e4+ Kf4 48. e5 Rd2+ 49. Rxd2 g1=Q 50. Kd6 Qc1 51. Rf2+ Ke4 52. e6
Qc6+ 53. Ke7 Qc7+ 54. Kf8 Qd8+ 55. Kf7 Qd5 56. Rf1 Ke5 57. Re1+ Kd6 58. Kf6
Qf3+ 0-1

[Event "Gibraltar ChallWk2 13th"]
[Site "Gibraltar"]
[Date "2015.02.04"]
[Round "5.10"]
[White "Amgalanbaatar, Ravdanlkhumbuu"]
[Black "Algars, Olle"]
[Result "1-0"]
[ECO "B90"]
[WhiteElo "2117"]
[BlackElo "1960"]
[PlyCount "39"]
[EventDate "2015.01.31"]
[EventType "swiss"]
[EventRounds "5"]
[EventCountry "GGB"]
[SourceTitle "BritBase"]
[Source "www.saund.co.uk"]
[SourceDate "2018.02.10"]
[SourceVersion "1"]
[SourceVersionDate "2018.02.10"]
[SourceQuality "1"]
[TimeControl "7200+1220"]
[WhiteClock "1:44:34"]
[BlackClock "1:13:37"]

1. e4 c5 2. Nf3 d6 3. d4 cxd4 4. Nxd4 Nf6 5. Nc3 a6 6. Be3 e5 7. Nb3 Be7 8. f3
Nbd7 9. Qd2 Qc7 10. O-O-O b5 11. g4 Nb6 12. Bxb6 Qxb6 13. g5 Nh5 14. Nd5 Qd8
15. Nxe7 Kxe7 16. Na5 Ke8 17. Nc6 Qc7 18. Qxd6 Qxd6 19. Rxd6 f6 20. Rd8+ 1-0

[Event "Gibraltar ChallWk2 13th"]
[Site "Gibraltar"]
[Date "2015.02.04"]
[Round "5.11"]
[White "Osuna Vega, Enrique"]
[Black "Machlik, Edit"]
[Result "0-1"]
[ECO "A46"]
[WhiteElo "2108"]
[BlackElo "1914"]
[PlyCount "106"]
[EventDate "2015.01.31"]
[EventType "swiss"]
[EventRounds "5"]
[EventCountry "GGB"]
[SourceTitle "BritBase"]
[Source "www.saund.co.uk"]
[SourceDate "2018.02.10"]
[SourceVersion "1"]
[SourceVersionDate "2018.02.10"]
[SourceQuality "1"]
[TimeControl "7200+860"]
[WhiteClock "0:00:23"]
[BlackClock "0:00:51"]

1. Nf3 Nf6 2. d4 e6 3. g3 b5 4. Bg2 Bb7 5. O-O Be7 6. a4 a6 7. Nbd2 d5 8. Ne5
Nbd7 9. Nxd7 Nxd7 10. c4 bxc4 11. Nxc4 c5 12. Bf4 O-O 13. dxc5 Nxc5 14. Nd2 Qb6
15. Be5 a5 16. Bd4 Qd6 17. Nb3 Nxb3 18. Qxb3 Qb4 19. Qe3 Rfc8 20. Bc3 Qd6 21.
Qd2 Qb6 22. Rfc1 Rc4 23. b3 Rcc8 24. e3 Bc6 25. Bf1 Bd7 26. Rab1 Ba3 27. Rd1
Rcb8 28. e4 Bc6 29. Qg5 Bf8 30. exd5 Bxd5 31. Rxd5 exd5 32. Qxd5 Qc5 33. Qf3
Re8 34. Bc4 Qc7 35. Rd1 Ra7 36. Rd5 Qb7 37. Qf5 Bb4 38. Bd4 Re1+ 39. Kg2 Ra8
40. Qg5 Bf8 41. h4 Rd1 42. Bc3 Rc8 43. Kh2 Rxd5 44. Bxd5 Qa7 45. Qe5 Qxf2+ 46.
Bg2 Qc2 47. Bd4 Qxb3 48. Bd5 Qc2+ 49. Kh3 Qc7 50. Qe4 Qd7+ 51. Kg2 Rd8 52.
Bxf7+ Qxf7 53. Bb6 Qd5 0-1

[Event "Gibraltar ChallWk2 13th"]
[Site "Gibraltar"]
[Date "2015.02.04"]
[Round "5.12"]
[White "Alarcon Olmos, Daniel"]
[Black "Hoffmann, Hendrik"]
[Result "1-0"]
[ECO "B07"]
[WhiteElo "2031"]
[BlackElo "2206"]
[PlyCount "121"]
[EventDate "2015.01.31"]
[EventType "swiss"]
[EventRounds "5"]
[EventCountry "GGB"]
[SourceTitle "BritBase"]
[Source "www.saund.co.uk"]
[SourceDate "2018.02.10"]
[SourceVersion "1"]
[SourceVersionDate "2018.02.10"]
[SourceQuality "1"]
[TimeControl "7200+1025"]
[WhiteClock "0:06:52"]
[BlackClock "0:05:19"]

1. e4 d6 2. d4 Nf6 3. Nc3 g6 4. Bc4 Bg7 5. f3 O-O 6. Bg5 c5 7. dxc5 Qa5 8. Qd2
Qxc5 9. Bb3 Nc6 10. Nge2 Bd7 11. O-O-O Na5 12. Bxf6 Bxf6 13. Nd5 Nxb3+ 14. axb3
Kg7 15. Nxf6 Kxf6 16. Qh6 Rac8 17. Nc3 Qg5+ 18. Qxg5+ Kxg5 19. e5 Bc6 20. exd6
exd6 21. Rxd6 Rfe8 22. Kd2 h5 23. Re1 h4 24. Rxe8 Rxe8 25. Rd3 Kf5 26. Ne2 Rc8
27. Nd4+ Kf6 28. Nxc6 Rxc6 29. c4 Rc5 30. Ke3 Re5+ 31. Kf2 Ra5 32. Rd2 Ra1 33.
Rc2 Ke5 34. Ke3 Rh1 35. g3 h3 36. f4+ Kf5 37. b4 Re1+ 38. Kf3 Rf1+ 39. Ke3 Re1+
40. Kd2 Rg1 41. b5 b6 42. b4 Rb1 43. Kc3 Ke4 44. c5 bxc5 45. bxc5 Kd5 46. c6
Kd6 47. Rd2+ Kc7 48. Rd7+ Kc8 49. Rxa7 Rxb5 50. Rxf7 Rc5+ 51. Kd4 Rc2 52. Ke5
Rxh2 53. Rh7 Rc2 54. Kd6 Rd2+ 55. Ke6 h2 56. f5 gxf5 57. Kxf5 Rc2 58. g4 Kd8
59. c7+ Rxc7 60. Rxh2 Ke8 61. Rh8+ 1-0

[Event "Gibraltar ChallWk2 13th"]
[Site "Gibraltar"]
[Date "2015.02.04"]
[Round "5.13"]
[White "Van Der Elburg, Freddie"]
[Black "Schouten, Freek"]
[Result "1-0"]
[ECO "D34"]
[WhiteElo "2183"]
[BlackElo "2039"]
[PlyCount "85"]
[EventDate "2015.01.31"]
[EventType "swiss"]
[EventRounds "5"]
[EventCountry "GGB"]
[SourceTitle "BritBase"]
[Source "www.saund.co.uk"]
[SourceDate "2018.02.10"]
[SourceVersion "1"]
[SourceVersionDate "2018.02.10"]
[SourceQuality "1"]
[TimeControl "6600+1300"]
[WhiteClock "0:05:45"]
[BlackClock "0:01:05"]

1. Nf3 d5 2. c4 e6 3. g3 Nf6 4. Bg2 Be7 5. O-O O-O 6. b3 c5 7. Bb2 Nc6 8. cxd5
exd5 9. d4 Be6 10. dxc5 Bxc5 11. Nc3 Qe7 12. a3 a5 13. Nb5 Rac8 14. e3 Ne4 15.
Qe2 Bg4 16. h3 Bh5 17. Rfd1 Rfd8 18. g4 Bg6 19. Nbd4 Ba7 20. Rac1 Bb8 21. Qb5
Qc7 22. Ne2 Qd7 23. Nf4 Bxf4 24. exf4 f6 25. Nh4 Qe8 26. Nxg6 hxg6 27. Rxd5 Nd6
28. Qd3 Nf7 29. Rxd8 Rxd8 30. Qxg6 Qe6 31. Qc2 Rd6 32. Bf1 Qd7 33. Bc3 Nd4 34.
Bxd4 Rxd4 35. Qc8+ Kh7 36. Qxd7 Rxd7 37. Rc5 b6 38. Rc6 Rb7 39. Bc4 Nh6 40.
Bd3+ Kg8 41. g5 fxg5 42. fxg5 Rd7 43. Bc4+ 1-0

[Event "Gibraltar ChallWk2 13th"]
[Site "Gibraltar"]
[Date "2015.02.04"]
[Round "5.14"]
[White "Gonzalez Gonzalez, Alfonso"]
[Black "Gorodnichev, Alexey"]
[Result "0-1"]
[ECO "C00"]
[WhiteElo "2160"]
[BlackElo "1951"]
[PlyCount "82"]
[EventDate "2015.01.31"]
[EventType "swiss"]
[EventRounds "5"]
[EventCountry "GGB"]
[SourceTitle "BritBase"]
[Source "www.saund.co.uk"]
[SourceDate "2018.02.10"]
[SourceVersion "1"]
[SourceVersionDate "2018.02.10"]
[SourceQuality "1"]
[TimeControl "7200+810"]
[WhiteClock "0:10:10"]
[BlackClock "0:14:06"]

1. e4 e6 2. Qe2 d5 3. exd5 Qxd5 4. Nf3 Nf6 5. d4 b6 6. c4 Qd8 7. Nc3 Be7 8. Be3
Bb7 9. O-O-O Nbd7 10. Qc2 Ng4 11. Bf4 Bd6 12. Bg3 Ndf6 13. Ne5 O-O 14. Bd3 g6
15. h4 Qe7 16. h5 Bxe5 17. dxe5 Nxh5 18. Rxh5 gxh5 19. Bxh7+ Kg7 20. Rh1 Qg5+
21. f4 Qh6 22. Bd3 Nxe5 23. Be2 Qg6 24. Qd2 Qxg3 25. fxe5 Rh8 26. Rh3 Qxe5 27.
Re3 Qf4 28. Bd3 Rad8 29. Kc2 Rd7 30. Ne2 Qf6 31. Rg3+ Kf8 32. Qb4+ c5 33. Qa4
Bc8 34. Qc6 Ke7 35. Rf3 Qe5 36. Nc1 Rhd8 37. Rf2 Bb7 38. Qa4 Be4 39. Rd2 Bxd3+
40. Nxd3 Qe4 41. Qb3 Rxd3 0-1

[Event "Gibraltar ChallWk2 13th"]
[Site "Gibraltar"]
[Date "2015.02.04"]
[Round "5.15"]
[White "Suez-Panama, Gilles"]
[Black "Elishev, Ivan"]
[Result "1-0"]
[ECO "D85"]
[WhiteElo "2030"]
[BlackElo "2153"]
[PlyCount "91"]
[EventDate "2015.01.31"]
[EventType "swiss"]
[EventRounds "5"]
[EventCountry "GGB"]
[SourceTitle "BritBase"]
[Source "www.saund.co.uk"]
[SourceDate "2018.02.10"]
[SourceVersion "1"]
[SourceVersionDate "2018.02.10"]
[SourceQuality "1"]
[TimeControl "7200+1605"]
[WhiteClock "0:46:50"]
[BlackClock "0:32:39"]

1. Nf3 g6 2. d4 Nf6 3. c4 Bg7 4. Nc3 d5 5. cxd5 Nxd5 6. e4 Nxc3 7. bxc3 O-O 8.
Be2 c5 9. Rb1 cxd4 10. cxd4 Qa5+ 11. Bd2 Qxa2 12. O-O Qe6 13. Ng5 Qd7 14. Be3
Nc6 15. d5 Ne5 16. f4 h6 17. Nh3 Ng4 18. Bxg4 Qxg4 19. Qxg4 Bxg4 20. Rxb7 a5
21. Rxe7 Bxh3 22. gxh3 Rfe8 23. Rxe8+ Rxe8 24. e5 g5 25. Bb6 gxf4 26. d6 Rxe5
27. d7 Bf6 28. Rxf4 Bg5 29. Rg4 Kf8 30. d8=Q+ Bxd8 31. Bxd8 Ke8 32. Rd4 f5 33.
Kf2 Kf7 34. Kf3 Ke6 35. Ra4 Rd5 36. Bxa5 Rd3+ 37. Kg2 Kf6 38. Be1 Kg5 39. Bh4+
Kh5 40. Bf2 Kg5 41. Ra6 h5 42. h4+ Kg4 43. Rg6+ Kf4 44. Bg3+ Ke4 45. Re6+ Kd4
46. Rd6+ 1-0

[Event "Gibraltar ChallWk2 13th"]
[Site "Gibraltar"]
[Date "2015.02.04"]
[Round "5.16"]
[White "Michalowski, Peter"]
[Black "Varga, Klara"]
[Result "1/2-1/2"]
[ECO "C01"]
[WhiteElo "2024"]
[BlackElo "2145"]
[PlyCount "97"]
[EventDate "2015.01.31"]
[EventType "swiss"]
[EventRounds "5"]
[EventCountry "GGB"]
[SourceTitle "BritBase"]
[Source "www.saund.co.uk"]
[SourceDate "2018.02.10"]
[SourceVersion "1"]
[SourceVersionDate "2018.02.10"]
[SourceQuality "1"]
[TimeControl "7200+1220"]
[WhiteClock "0:00:24"]
[BlackClock "0:27:17"]

1. e4 e6 2. d4 d5 3. Nc3 Nc6 4. exd5 exd5 5. Bf4 Bb4 6. a3 Bxc3+ 7. bxc3 Nf6 8.
Bd3 O-O 9. Ne2 Bg4 10. f3 Bh5 11. O-O Bg6 12. Re1 Nh5 13. Qd2 Nxf4 14. Nxf4 Qd6
15. Nxg6 hxg6 16. a4 b6 17. f4 Ne7 18. Qe3 Rfe8 19. Qe5 Qd7 20. Qg5 Nf5 21. Re5
c6 22. Bxf5 gxf5 23. Kf2 f6 24. Qxf5 Qxf5 25. Rxf5 Kf7 26. Rh5 Re4 27. Re1
Rxf4+ 28. Kg3 Re4 29. Rxe4 dxe4 30. Kf4 Re8 31. Ke3 Re7 32. a5 Ke8 33. axb6
axb6 34. c4 Kd7 35. d5 cxd5 36. Rxd5+ Kc6 37. h4 g6 38. g4 Rh7 39. h5 Re7 40.
Rd1 gxh5 41. gxh5 Rh7 42. Rh1 Kc5 43. Kxe4 Kxc4 44. Kf5 Rh6 45. Rh3 Kd5 46.
Rd3+ Kc4 47. Rh3 Kd5 48. Rd3+ Kc4 49. Rh3 1/2-1/2